 Dungeon Crawl Stone Soup version 0.27.1-34-g3ba077fa99 (webtiles) character file.

Game seed: 1483712111005439968

2342 mtoz the Thaumaturge (level 9, 0/45 HPs)
             Began as a Deep Elf Conjurer on Jan 4, 2022.
             Was an Initiate of Vehumet.
             Slain by a bullfrog (7 damage)
             ... on level 7 of the Dungeon.
             The game lasted 00:53:23 (8791 turns).

mtoz the Thaumaturge (Deep Elf Conjurer)            Turns: 8791, Time: 00:53:24

Health: 0/45       AC:  6    Str: 15    XL:     9   Next: 20%
Magic:  30/32      EV: 16    Int: 25    God:    Vehumet [......]
Gold:   149        SH:  0    Dex: 15    Spells: 22/25 levels left

rFire    . . .     SeeInvis .   b - staff of conjuration
rCold    . . .     Faith    .   (no shield)
rNeg     . . .     Spirit   .   z - +2 robe of Hedging {Will- MP+9 Str+9 Dex+2}
rPois    .         Reflect  .   (no helmet)
rElec    .         Harm     .   m - scarf {repulsion}
rCorr    .         Rampage  .   g - +1 pair of gloves
Will     .....                  (no boots)
Stlth    ++++......             (no amulet)
HPRegen  0.15/turn              (no ring)
MPRegen  0.23/turn              (no ring)

@: repel missiles
A: no striking features
a: Renounce Religion


You were on level 7 of the Dungeon.
You worshipped Vehumet.
Vehumet was noncommittal.
You visited 2 branches of the dungeon, and saw 8 of its levels.
You also visited: Ossuary.

You collected 275 gold pieces.
You spent 126 gold pieces at shops.

Inventory:

Hand Weapons
 d - a +0 dagger of venom
Missiles
 e - a throwing net
Armour
 a - a +0 robe
 g - a +1 pair of gloves (worn)
 i - a +0 plate armour
 m - a scarf of repulsion (worn)
 z - the +2 robe of Hedging (worn) {Will- MP+9 Str+9 Dex+2}
   (You found it on level 6 of the Dungeon)

   Str:       It affects your strength (+9).
   Dex:       It affects your dexterity (+2).
   MP:        It affects your magic capacity (+9).
   Will:      It decreases your willpower.
Magical Staves
 b - a staff of conjuration (weapon)
Jewellery
 c - a ring of fire
 v - a ring of protection from cold
Scrolls
 k - a scroll of immolation
 l - 2 scrolls of noise {unknown}
 n - 2 scrolls of teleportation {unknown}
 p - a scroll of amnesia
 q - a scroll of holy word
 u - a scroll of enchant weapon
 y - a scroll of magic mapping
Potions
 f - a potion of flight {unknown}
 h - 2 potions of brilliance {unknown}
 j - 5 potions of curing
 o - 4 potions of heal wounds
 r - 3 potions of haste
 s - a potion of attraction
 t - a potion of invisibility {unknown}
 w - 2 potions of might


   Skills:
 + Level 7.8 Dodging
 + Level 8.4 Stealth
 + Level 8.6 Spellcasting
 + Level 8.0 Conjurations


You had 22 spell levels left.
You knew the following spells:

 Your Spells              Type           Power      Damage    Failure   Level
a - Magic Dart            Conj           100%       1d8       1%          1
b - Searing Ray           Conj           100%       3d7       1%          2

Your spell library contained the following spells:

 Spells                   Type           Power      Damage    Failure   Level
 Dazzling Flash           Conj/Hex       92%        N/A       3%          3
 Blink                    Tloc           N/A        N/A       9%          2
 Fulminant Prism          Conj/Hex       23%        3d13      11%         4
 Iskenderun's Mystic Bla  Conj/Tloc      46%        2d10      11%         4
 Lesser Beckoning         Tloc           5%         N/A       17%         3
 Ozocubu's Armour         Ice            10%        N/A       17%         3
 Portal Projectile        Hex/Tloc       20%        N/A       17%         3
 Blade Hands              Tmut           5%         N/A       85%         5
 Excruciating Wounds      Necr           5%         N/A       85%         5
 Manifold Assault         Tloc           10%        N/A       85%         5
 Ozocubu's Refrigeration  Ice            5%         4d6       100%        7


Dungeon Overview and Level Annotations

Branches:
Dungeon (7/15)             Temple (1/1) D:5         Ossuary (visited)

Altars:
Cheibriados
Dithmenos
Elyvilon
Fedhas
Gozag
Hepliaklqana
Kikubaaqudgha
Makhleb
Nemelex Xobeh
Okawaru
Qazlal
Ru
Trog
Uskayaw
Vehumet
Wu Jian
Xom
Yredelemnul
Zin
The Shining One

Shops:
D:2 *   D:3 *

Annotations:
D:4 3 runed translucent doors, dohliylev's ghost, amateur MiBe
D:5 1 runed translucent door, Palewisp's ghost, novice HOFi


Message History

The bullfrog closely misses you.
You barely miss the bullfrog.
The bullfrog is heavily wounded.
The bullfrog hits you but does no damage.
The bullfrog hits you.
An orc comes into view. It is wielding a +0 club.
You closely miss the bullfrog.
The bullfrog is heavily wounded.
The bullfrog hits you.
The boulder beetle curls into a ball and begins rolling!
The bullfrog hits you but does no damage.
Okay, then.
Casting: Searing Ray (safe; 1% risk of failure)
Confirm with . or Enter, or press ? or * to list all spells.
Aiming: Searing Ray (safe; 1% risk of failure)
Press: ? - help, Shift-Dir - straight line, f - bullfrog
Aim: a bullfrog (heavily wounded, 79% to hit)
Okay, then.
Casting: Searing Ray (safe; 1% risk of failure)
Confirm with . or Enter, or press ? or * to list all spells.
Aiming: Searing Ray (safe; 1% risk of failure)
Press: ? - help, Shift-Dir - straight line, f - bullfrog
Aim: a bullfrog (heavily wounded, 79% to hit)
You feel a surge of power!
The searing ray misses the bullfrog. (Press . to maintain the ray.)
The bullfrog hits you but does no damage.
The boulder beetle hits you!
The boulder beetle stops rolling and uncurls.
The bullfrog hits you but does no damage.
The orc shouts!
The searing ray misses the bullfrog.
The boulder beetle bites you!!
Ouch! That really hurt!
* * * LOW HITPOINT WARNING * * *
The bullfrog hits you but does no damage.
The bullfrog hits you but does no damage.
Okay, then.
The boulder beetle curls into a ball and begins rolling!
There is a stone staircase leading up here.
The bullfrog hits you!
You die...

###......
###........
##......?...
#...........
#...........
#...........
#...........
#...@......#
#...F.....##
#..Bo....##
##...#####
#..### #
#... ##
.../. .#
.....# .#
......


You could see a boulder beetle (rolling), a bullfrog and an orc.

Vanquished Creatures
  Eustachio (D:5)
  3 black bears
  A sky beast (D:5)
  2 ogres
  A necrophage (D:6)
  A phantom (D:4)
  Blork the orc (D:5)
  A kobold brigand (D:6)
  2 scorpions
  6 water moccasin zombies
  A wyvern skeleton (D:5)
  A water moccasin skeleton (D:4)
  A gnoll shaman (D:4)
  A hound (D:3)
  3 orc priests
  2 bullfrog skeletons (D:4)
  2 iguanas (D:4)
  Jessica (D:3)
  5 orc wizards
  2 scorpion zombies (D:5)
  A hound skeleton (D:4)
  2 mummies (Ossuary)
  Robin (D:2)
  7 gnolls
  7 adders
  A white imp (D:6)
  2 ufetubi
  6 adder zombies (Ossuary)
  3 worms
  2 dart slugs (D:4)
  13 orcs
  9 ball pythons
  5 bats
  7 endoplasms
  2 giant cockroaches
  2 gnoll zombies (Ossuary)
  14 goblins
  11 hobgoblins
  3 jackals (D:5)
  4 quokkas
  4 frilled lizards
  3 hobgoblin zombies (Ossuary)
  9 kobolds
  2 kobold zombies (Ossuary)
  7 orc zombies (Ossuary)
  6 rats
171 creatures vanquished.

Vanquished Creatures (others)
  2 withered plants (D:5)
2 creatures vanquished.

Grand Total: 173 creatures vanquished

Notes
Turn   | Place    | Note
-------+----------+-------------------------------------------
     0 | D:1      | mtoz the Deep Elf Conjurer began the quest for the Orb.
     0 | D:1      | Reached XP level 1. HP: 10/10 MP: 6/6
   540 | D:1      | Reached XP level 2. HP: 15/15 MP: 5/8
   588 | D:1      | Learned a level 2 spell: Searing Ray
  1095 | D:2      | Reached XP level 3. HP: 19/19 MP: 5/10
  1457 | D:2      | Noticed Robin
  1553 | D:2      | Killed Robin
  1797 | D:2      | Reached XP level 4. HP: 24/24 MP: 9/11
  1887 | D:2      | Found Duxoqutz's General Store.
  1895 | D:2      | Bought a +0 pair of gloves for 49 gold pieces
  2235 | D:3      | Noticed Jessica
  2239 | D:3      | Killed Jessica
  2240 | D:3      | Reached skill level 5 in Conjurations
  2351 | D:3      | Found a faded altar of an unknown god.
  2525 | D:3      | Reached XP level 5. HP: 28/28 MP: 8/13
  2849 | D:3      | Found Basot's Assorted Antiques.
  2900 | D:2      | Bought a scroll of identify for 22 gold pieces
  2900 | D:2      | Bought a potion of heal wounds for 55 gold pieces
  3413 | D:4      | Noticed a black bear
  3426 | D:4      | Killed a black bear
  3427 | D:4      | Reached skill level 5 in Spellcasting
  3427 | D:4      | Reached XP level 6. HP: 32/32 MP: 8/15
  3589 | D:4      | Reached skill level 5 in Stealth
  3886 | D:4      | Reached skill level 5 in Dodging
  3886 | D:4      | Reached XP level 7. HP: 36/36 MP: 13/17
  4114 | D:4      | Found a runed translucent gate.
  4119 | D:4      | Found a runed translucent gate.
  4119 | D:4      | Found a runed translucent gate.
  4825 | D:4      | Identified a scroll of acquirement
  4825 | D:4      | Acquired a staff of conjuration
  5025 | D:4      | Noticed dohliylev's ghost (amateur MiBe)
  5277 | D:5      | Entered Level 5 of the Dungeon
  5368 | D:5      | Noticed Blork the orc
  5392 | D:5      | Found a sand-covered staircase.
  5397 | Ossuary  | Entered an ossuary
  5415 | Ossuary  | Reached XP level 8. HP: 37/41 MP: 9/20
  5855 | D:5      | Killed Blork the orc
  5986 | D:5      | Noticed Eustachio
  6000 | D:5      | Killed Eustachio
  6362 | D:5      | Found a runed translucent door.
  6362 | D:5      | Noticed Palewisp's ghost (novice HOFi)
  6714 | D:5      | Found a sacrificial altar of Ru.
  6945 | D:5      | Found a staircase to the Ecumenical Temple.
  6951 | Temple   | Entered the Ecumenical Temple
  7132 | Temple   | Became a worshipper of Vehumet
  7220 | D:5      | Found a glowing silver altar of Zin.
  7662 | D:6      | Reached XP level 9. HP: 45/45 MP: 17/23
  7922 | D:6      | Found an ancient bone altar of Kikubaaqudgha.
  8310 | D:6      | Identified the +2 robe of Hedging {Will- MP+9 Str+9 Dex+2}
  8472 | D:6      | Found a hazy altar of Hepliaklqana.
  8783 | D:7      | Noticed a boulder beetle
  8791 | D:7      | Slain by a bullfrog

Illustrated notes

Levels and vault maps discovered:
D:1:      dpeg_arrival_rooms_a, layout_loops_corners, minmay_tiny_reverse_x
D:2:      layout_basic, serial_shops, shop, uniq_robin
D:3:      layout_basic, basic_ecumenical_altar, serial_shops, shop,
          lemuel_old_faithful, uniq_jessica
D:4:      minmay_octagon_keep, layout_basic, ebering_ghost_rock_garden
D:5:      layout_layer_cave, mainiacjoe_overflow_alcove_4, zin_treasury,
          minmay_temple_entry_fiery, gammafunk_ghost_grave, serial_glass,
          glass_columns_a, glass_columns_b, glass_columns_c, glass_columns_b,
          due_unseen_surprise, enter_ossuary_5, uniq_blork_the_orc,
          uniq_eustachio
D:6:      layout_loops_ring, nzn_hepliaklqana_mist_gate,
          mainiacjoe_overflow_six_doors_small
D:7:      layout_cave_pods
Temple:   eino_temple_scatter_basement

Skill      XL: |  1  2  3  4  5  6  7  8  9 |
---------------+----------------------------+-----
Stealth        | 3 4 5 6 8 |  8.4
Dodging        | 3 4 5 6 7 |  7.8
Spellcasting   | 4 5 6 8 |  8.6
Conjurations   | 5 6 7 8 |  8.0

Action                   |  1- 3 |  4- 6 |  7- 9 || total
-------------------------+-------+-------+-------++-------
Melee: Staff             |       |       |     3 ||     3
 Cast: Magic Dart        |    61 |    60 |    91 ||   212
       Searing Ray       |     2 |    14 |    57 ||    73
  Use: Scroll            |       |     1 |    10 ||    11
       Potion            |       |       |     4 ||     4
Armor: Robe              |     2 |     1 |    11 ||    14
Dodge: Dodged            |     6 |     4 |    27 ||    37
       Repelled          |       |       |     2 ||     2
